 Dungeon Crawl Stone Soup version 0.30-a0-373-gd37427bb62 (webtiles) character file.

Game seed: 1603558557961055225

630 Shayle the Trooper (level 7, -5/82 HPs)
             Began as a Demonspawn Reaver on Nov 23, 2022.
             Slain by a worm (6 damage)
             ... on level 5 of the Dungeon.
             The game lasted 00:12:47 (4311 turns).

Shayle the Trooper (Demonspawn Reaver)              Turns: 4311, Time: 00:12:48

Health: -5/82      AC:  7    Str: 12    XL:     7   Next: 24%
Magic:  10/10      EV: 11    Int: 17    God:
Gold:   177        SH:  8    Dex: 11    Spells: 6/10 levels left

rFire   + . .      SeeInvis .    a - +0 hand axe
rCold   . . .      Faith    .    g - +0 buckler
rNeg    . . .      Spirit   .    b - +0 leather armour
rPois   .          Reflect  .    (helmet restricted)
rElec   .          Harm     .    d - scarf {shadows}
rCorr   .          Rampage  .    q - +0 pair of gloves
Will    .....                    (no boots)
Stlth   ..........               (no amulet)
HPRegen 0.33/turn                k - ring of protection from fire
MPRegen 0.12/turn                (no ring)

@: mighty, berserking, lethally poisoned (-5 -> -6), very quick
A: antennae 1, icy blue scales 2, powered by death 1, condensation shield
a: no special abilities


You were on level 5 of the Dungeon.
You visited 2 branches of the dungeon, and saw 6 of its levels.
You also visited: Sewer.

You collected 177 gold pieces.

Inventory:

Hand Weapons
 a - a +0 hand axe (weapon)
Armour
 b - a +0 leather armour (worn)
 d - a scarf of shadows (worn)
 g - a +0 buckler (worn)
 q - a +0 pair of gloves (worn)
Jewellery
 k - a ring of protection from fire (left hand)
 s - an amulet of the acrobat
 u - a ring of wizardry
 w - a ring of wizardry
Wands
 n - a wand of roots (8)
 x - a wand of flame (14)
Scrolls
 c - 2 scrolls of noise
 h - 2 scrolls of enchant weapon
 i - a scroll of poison
 j - a scroll of amnesia
 l - a scroll of teleportation
 o - a scroll of blinking
 p - 3 scrolls of magic mapping
 v - 3 scrolls of identify
Potions
 e - 2 potions of brilliance
 m - 2 potions of mutation
 t - 2 potions of magic


   Skills:
 + Level 4.9 Fighting
 - Level 2.6 Axes
 + Level 3.8 Armour
 - Level 1.7 Dodging
 - Level 3.2 Stealth
 + Level 2.3 Shields
 - Level 2.0 Spellcasting
 - Level 3.0 Conjurations


You had 6 spell levels left.
You knew the following spells:

 Your Spells              Type           Power      Damage    Failure   Level
a - Kiss of Death         Conj/Necr      24%        2d7       17%         1
b - Hailstorm             Conj/Ice       6%         3d4       45%         3

Your spell library contained the following spells:

 Spells                   Type           Power      Damage    Failure   Level
 Momentum Strike          Conj/Tloc      12%        3d8       26%         2
 Cigotuvi's Dreadful Rot  Necr/Pois/Air  2%         N/A       43%         2
 Dispel Undead            Necr           1%         3d6       97%         4
 Death Channel            Necr           0%         N/A       100%        6


Dungeon Overview and Level Annotations

Branches:
Dungeon (5/15)             Temple (1/1) D:5           Sewer (visited)

Altars:
Fedhas
Hepliaklqana
Kikubaaqudgha
Makhleb
Nemelex Xobeh
Qazlal
Sif Muna
Trog
Uskayaw
Xom
Yredelemnul
Lugonu


Innate Abilities, Weirdness & Mutations

You have a pair of small antennae on your head.
You are mostly covered in icy blue scales. (AC +3)
You regenerate a little health from kills.
A meltable shield of frost defends you. (SH +4)


Message History

The scorpion is moderately wounded.
The scorpion stings you but does no damage.
You closely miss the scorpion.
The scorpion is moderately wounded.
You block the scorpion's attack.
You closely miss the scorpion.
The scorpion is moderately wounded.
The scorpion stings you.
* * * LOW HITPOINT WARNING * * *
You are poisoned.
The scorpion poisons you!
The scorpion stings you but does no damage.
You hit the scorpion.
The scorpion is heavily wounded.
You feel very sick. The scorpion closely misses you.
Unknown command.
You slash the scorpion!
The scorpion is almost dead.
You feel sick. You block the scorpion's attack. The scorpion barely misses you.
Unknown command.
You slash the scorpion!
You kill the scorpion!
You feel sick.
Unknown command.
You slash the worm!
The worm is heavily wounded.
You feel sick. The worm bites you.
* * * LOW HITPOINT WARNING * * *
Unknown command.
It was a potion of berserk rage.
A red film seems to cover your vision as you go berserk!
You feel yourself moving faster!
You feel mighty!
* * * LOW HITPOINT WARNING * * *
You feel sick.
You slash the worm!
The worm is almost dead.
* * * LOW HITPOINT WARNING * * *
You feel sick. The worm bites you.
You die...

##...... . .
##...... .. ...#####
##..#...##..
.......# #
#....#.#..# #@#.#
#.#..#....# #w#.#
#..##....#.. #...#
#.....>.....
#.#####..#....##..
#...s...#....#..#
#..####.#..#.#....
###..####..##...#..#
....##............#
.....##.##...###...#


You could see a worm.

Vanquished Creatures
  A necrophage (D:4)
  A scorpion (D:5)
  3 bullfrogs
  2 hounds (D:4)
  2 iguanas (D:4)
  An orc wizard (D:4)
  8 adders
  4 dart slugs
  4 orcs
  4 bats
  2 endoplasms
  18 giant cockroaches
  7 goblins
  6 hobgoblins
  5 jackals
  9 quokkas
  10 ball pythons
  11 frilled lizards
  3 kobolds
  4 rats
105 creatures vanquished.

Notes
Turn   | Place    | Note
-------+----------+-------------------------------------------
     0 | D:1      | Shayle the Demonspawn Reaver began the quest for the Orb.
     0 | D:1      | Reached XP level 1. HP: 16/16 MP: 3/3
   307 | D:1      | Gained mutation: You are partially covered in icy blue
                  | scales. (AC +2) [demonic ancestry]
   307 | D:1      | Reached XP level 2. HP: 19/22 MP: 5/5
   568 | D:1      | Reached skill level 1 in Stealth
   798 | D:1      | Reached skill level 1 in Armour
   998 | D:2      | Gained mutation: You have a pair of small antennae on your
                  | head. [demonic ancestry]
   998 | D:2      | Reached XP level 3. HP: 7/28 MP: 6/6
  1445 | D:3      | Found a blossoming altar of Fedhas.
  1464 | D:3      | Found a shimmering altar of Xom.
  1476 | D:3      | Found a glowing drain.
  1520 | D:3      | Gained mutation: You regenerate a little health from kills.
                  | [demonic ancestry]
  1520 | D:3      | Reached XP level 4. HP: 17/34 MP: 7/7
  1523 | Sewer    | Entered a sewer
  1617 | Sewer    | HP: 1/34 [adder (3)]
  1619 | Sewer    | Reached skill level 3 in Fighting
  1787 | Sewer    | Noticed a bullfrog
  1799 | Sewer    | Killed a bullfrog
  1800 | Sewer    | Gained mutation: You are mostly covered in icy blue scales.
                  | (AC +3) [demonic ancestry]
  1800 | Sewer    | Reached XP level 5. HP: 32/41 MP: 8/8
  2516 | D:2      | Learned a level 3 spell: Hailstorm
  2885 | D:3      | Reached XP level 6. HP: 47/48 MP: 9/9
  3169 | D:4      | Reached skill level 4 in Fighting
  3314 | D:4      | Found a stormy altar of Qazlal.
  3314 | D:4      | Noticed a water elemental
  3317 | D:4      | Noticed a fire elemental
  3317 | D:4      | Noticed an air elemental
  3375 | D:4      | Found a basalt altar of Yredelemnul.
  3510 | D:4      | Reached skill level 1 in Shields
  3593 | D:4      | Found an ancient bone altar of Kikubaaqudgha.
  4198 | D:5      | Entered Level 5 of the Dungeon
  4207 | D:5      | Found a staircase to the Ecumenical Temple.
  4222 | Temple   | Entered the Ecumenical Temple
  4303 | D:5      | Gained mutation: A meltable shield of frost defends you.
                  | (SH +4) [demonic ancestry]
  4303 | D:5      | Reached XP level 7. HP: 16/55 MP: 10/10
  4309 | D:5      | HP: 1/55 [worm (6)]
  4311 | D:5      | Slain by a worm

Illustrated notes

Levels and vault maps discovered:
D:1:      mainiacjoe_arrival_reflecting_pool, layout_loops_corners
D:2:      layout_loops_cross
D:3:      layout_rooms, grunt_temple_overflow_open, gup_sewer_entry_glass,
          st_stairs_14
D:4:      layout_loops_ring, mainiacjoe_overflow_paths,
          nicolae_qazlal_style_of_elements, mainiacjoe_overflow_six_doors_small
D:5:      layout_loops_cross, nicolae_vehumet_radiance,
          mainiacjoe_overflow_alcove_1, minmay_temple_entry_mini_moons,
          serial_shops, shop, uniq_edmund
Temple:   corrupted_temple

Skill      XL: |  1  2  3  4  5  6 |
---------------+-------------------+-----
Stealth        | 1 2 3 |  3.2
Armour         | 1 2 3 |  3.8
Fighting       | 3 4 |  4.9
Shields        | 2 |  2.3
Axes           | |  2.6
Dodging        | |  1.7
Spellcasting   | |  2.0
Conjurations   | |  3.0

Action                   |  1- 3 |  4- 6 |  7- 9 || total
-------------------------+-------+-------+-------++-------
Melee: Hand axe          |   128 |   396 |     8 ||   532
       Punch             |     1 |     1 |       ||     2
  Use: Potion            |     3 |     3 |     1 ||     7
       Scroll            |       |     9 |       ||     9
 Stab: Sleeping          |     1 |     4 |       ||     5
Armor: Leather armour    |    78 |   177 |     2 ||   257
Dodge: Dodged            |    99 |   251 |     2 ||   352
Block: Buckler           |       |    60 |     2 ||    62

Table legend: (Time is in decaauts)
 A = Elapsed time spent in this place.
 B = Non-inter-level travel time spent in this place.
 C = Inter-level travel time spent in this place.
 D = Time resting spent in this place.
 E = Time spent auto-exploring this place.
 F = Levels seen in this place.
 G = Mean time per level.
                   A        B        C        D        E       F      G
               +--------+--------+--------+--------+--------+-----+--------+
         Total |   4471 |   4341 |    130 |    480 |   2341 |   7 |  638.7 |
       Dungeon |   3707 |   3588 |    119 |    269 |   2256 |   5 |  741.4 |
        Temple |     45 |     34 |     11 |      0 |     17 |   1 |   45.0 |
         Sewer |    718 |    718 |      0 |    211 |     68 |   1 |  718.0 |
               +--------+--------+--------+--------+--------+-----+--------+

Top non-repeatable levels by time:
     D:4: 1173 daAuts
     D:1: 966 daAuts
     D:2: 883 daAuts
   Sewer: 718 daAuts
     D:3: 611 daAuts
     D:5: 71 daAuts
  Temple: 45 daAuts
